AoeStats
← DKing

African Clearing

510395707Analyzed
4v4 RM · 1d ago on Sep 30, 2026· 27m 16s· 8 players
Game mode
Random Map
Map size
Large (8 player)
Population
200
Speed
Normal
Resources
Standard
Victory
Conquest
Starting age
Dark Age
Ending age
Imperial Age
RankedLock teamsTeams togetherTeam positionsShared explorationLock speedFull tech treeHidden civsTurbo modeCheats
Victory
Defeat
🇯🇵 Bulgarians · Japan
1244
+15
🇧🇷 Mapuche · Brazil
1242
+15
🇨🇳 Cumans · China
1229
+16
🇧🇷 Portuguese · Brazil
1213
+16
🇷🇺 Japanese · Russia
1266
-18
🇷🇺 Franks · Russia
1240
-16
🇵🇹 Huns · Portugal
1228
-16
🇹🇷 Ethiopians · Türkiye
1147
-12
DKing
9:36 Loom
13:15 Feudal Age
13:45 Double-Bit Axe
19:00 Horse Collar
26:24 Castle Age
25:57 Scale Barding Armor
26:03 Forging
26:18 Bloodlines
Genghis Khan
15:02 Feudal Age
19:02 Castle Age
17:06 Double-Bit Axe
18:12 Horse Collar
23:27 Loom
GabbyMister
5:00 Loom
13:31 Feudal Age
19:10 Wheelbarrow
21:43 Castle Age
22:07 Forging
22:03 Scale Barding Armor
22:36 Stone Mining
22:37 Gold Mining
MisterGabby
5:33 Loom
12:02 Feudal Age
12:39 Double-Bit Axe
17:59 Castle Age
15:52 Horse Collar
19:17 Fletching
22:04 Bodkin Arrow
22:09 Padded Archer Armor
24:03 Padded Archer Armor
vem mama uvinha
14:32 Feudal Age
18:23 Castle Age
17:19 Fletching
17:30 Padded Archer Armor
19:03 Bodkin Arrow
24:04 Double-Bit Axe
24:04 Horse Collar
KJI
5:57 Loom
13:21 Feudal Age
17:37 Scale Mail Armor
22:03 Castle Age
axjhbl90
10:21 Loom
13:25 Feudal Age
14:08 Double-Bit Axe
16:41 Wheelbarrow
18:18 Forging
18:52 Scale Barding Armor
25:03 Gold Mining
25:37 Bloodlines
29:01 Castle Age
Rōnin
11:20 Loom
13:06 Feudal Age
15:33 Town Watch
20:18 Castle Age
19:10 Gold Mining
19:31 Double-Bit Axe
20:04 Horse Collar
22:00 Heavy Plow
25:17 Bow Saw
28:04 Wheelbarrow
Connection lost

Rejoining the realm…

Still unreachable

The connection could not be restored.

Session expired

The server has moved on; the page needs a fresh start.